Map: Acolyte LE

Players

Toatsmagoats - Winner!

  • Race: Zerg Zerg
  • League: Gold
  • Spawn Location: 7:00

Juxtapose

  • Race: Zerg Zerg
  • League: Silver
  • Spawn Location: 1:00

VOD

https://youtu.be/wdBAG9iXPic

Description

If I wouldn't have made my expansion in the third base position, I likely would have fared much better. I also stupidly forgot my second Extractor until much too late.

Still, I held my opponent off for a good while.

Time

  • Played on: July 24, 2017, 8:21 p.m.
  • Length: 12:25
Show
View Real Time Build Order
Export as new Build Order

Toatsmagoats Zerg - Winner!

Build Orders: Pool First 

Get SALT Encoding   

  12  0:01  Drone  
  13  0:09  Drone  
  13  0:13  Extractor  
  13  0:17  Drone  
  14  0:25  Overlord  
  14  0:43  Spawning Pool  
  14  0:48  Drone  
  14  0:52  Drone  
  15  1:14  Overlord  
  15  1:21  Drone  
  15  1:22  Drone  
  16  1:29  Metabolic Boost  
  16  1:32  Zergling x2  
  17  1:39  Zergling x2  
  18  1:46  Queen  
  20  1:59  Zergling x4  
  22  2:05  Evolution Chamber  
  21  2:09  Drone  
  22  2:22  Drone  
  23  2:33  Zergling x2  
  23  2:35  Zerg Melee Weapons Level 1  
  24  2:42  Extractor, Drone  
  24  2:58  Zergling x4  
  24  2:59  Zergling x4  
  28  3:13  Hatchery  
  27  3:28  Zergling x4  
  29  3:58  Zergling x2  
  29  4:00  Overlord x3  
  23  4:14  Zergling x6  
  27  4:24  Zergling x2  
  27  4:29  Zerg Ground Armor Level 1  
  27  4:52  Zergling x2  
  28  4:53  Zergling x6  
  28  4:54  Drone x3  
  28  4:58  Queen  
  36  5:25  Lair  
  36  5:26  Drone  
  36  5:27  Drone  
  38  5:33  Zergling x6  
  28  6:02  Drone  
  28  6:03  Drone x2  
  31  6:06  Zergling x12  
  37  6:20  Zergling x2  
  38  6:26  Zergling x2  
  37  6:41  Zergling x2  
  37  6:42  Zergling x2  
  37  6:43  Zergling x2  
  37  6:44  Zergling x4  
  42  6:47  Zergling x4  
  42  6:48  Zergling x2  
  41  7:10  Drone x2  
  43  7:16  Hydralisk Den  
  43  7:17  Zerg Missile Weapons Level 1  
  43  7:18  Zergling x4  
  43  7:19  Zergling x6  
  47  7:33  Zergling x2  
  47  7:34  Zergling x2  
  49  7:44  Overlord x2  
  49  7:54  Hydralisk x3  
  49  7:58  Queen, Extractor  
  56  8:00  Hydralisk x2  
  60  8:13  Hydralisk x2  
  60  8:14  Hydralisk  
  60  8:17  Hydralisk  
  68  8:25  Drone x2  
  70  8:47  Drone x2  
  72  8:48  Hatchery  
  72  8:49  Drone  
  72  8:57  Hydralisk  
  72  8:59  Hydralisk  
  76  9:22  Overlord x2  
  76  9:23  Overlord x2  
  76  9:57  Hydralisk x2  
  76  9:58  Hydralisk x4  
  88  10:00  Drone  
  88  10:01  Drone x4  
  88  10:05  Extractor  
  92  10:09  Drone  
  67  10:55  Zergling x8  
  67  10:56  Zergling x2  
  72  10:57  Hydralisk x3  
  72  11:00  Hydralisk x3  
  72  11:01  Hydralisk x3  
  90  11:07  Extractor  
  73  11:35  Zergling x12  
  73  11:37  Hydralisk  
  73  11:38  Hydralisk x2  
Show
View Real Time Build Order
Export as new Build Order

Juxtapose Zerg 

Build Orders: Hatch First 

Get SALT Encoding   

  12  0:01  Drone  
  13  0:12  Overlord  
  13  0:19  Drone  
  14  0:32  Drone x2  
  16  0:56  Hatchery  
  15  0:59  Drone  
  16  1:16  Spawning Pool  
  15  1:19  Drone  
  15  1:20  Overlord  
  15  1:24  Extractor  
  15  1:34  Drone x2  
  17  1:47  Drone  
  18  1:55  Drone  
  19  2:05  Zergling x2, Queen  
  22  2:13  Drone  
  23  2:16  Drone  
  23  2:21  Drone  
  25  2:33  Spore Crawler, Drone  
  25  2:36  Drone  
  25  2:41  Roach Warren  
  25  2:44  Queen  
  24  2:48  Drone x2  
  28  2:54  Spore Crawler  
  27  3:11  Metabolic Boost  
  29  3:25  Zergling x8  
  29  3:26  Zergling x2  
  30  3:51  Overlord x2  
  30  3:52  Overlord x3  
  30  4:00  Queen  
  27  4:18  Roach x2  
  27  4:19  Roach x2  
  35  4:37  Evolution Chamber  
  34  4:55  Queen  
  36  5:01  Roach x3  
  36  5:02  Roach x2  
  46  5:27  Zergling x8  
  46  5:28  Zergling x2  
  51  5:31  Queen  
  50  5:50  Ravager  
  47  6:00  Roach x5  
  57  6:16  Ravager  
  58  6:25  Hatchery  
  52  6:56  Zergling x6  
  52  6:57  Zergling x6  
  42  7:10  Lair  
  42  7:27  Baneling Nest  
  41  7:31  Drone x2  
  43  7:52  Zerg Ground Armor Level 1  
  43  8:07  Drone x2  
  43  8:08  Drone x3  
  43  8:09  Roach x4  
  56  8:26  Drone  
  57  8:41  Zergling x10  
  62  8:58  Drone x4  
  62  8:59  Extractor  
  65  9:04  Extractor  
  65  9:08  Hydralisk Den  
  63  9:11  Baneling x3  
  63  9:18  Baneling  
  63  9:24  Extractor  
  62  9:26  Drone x2  
  64  9:39  Baneling x2  
  64  9:40  Baneling  
  64  10:00  Overlord x3  
  64  10:01  Overlord  
  64  10:06  Zerg Missile Weapons Level 1  
  64  10:27  Zergling x8  
  64  10:28  Zergling x4  
  51  10:46  Zergling x12  
  51  10:47  Zergling x8  
  39  11:08  Zergling x6  
  39  11:09  Queen  
  39  11:10  Queen  
  33  11:35  Zergling x12  
  39  11:44  Queen  
  39  11:46  Queen  
  43  11:59  Zergling x6  
  43  12:00  Zergling x2  
Tags
 
Matchup
ZvZ
Race
Zerg
Spawn Locations
Cross Positions
Add a new tag
Caveats
  • Supply blocks, unpowered buildings, or Contaminate may cause inaccurate times.
  • Supply counts are checked every 10 seconds.